 Dungeon Crawl Stone Soup version 0.30-a0-1160-g6e42c06551 (webtiles) character file.

Game seed: 6432144629117386050

15836 DeathSun the Basher (level 12, -1/76 HPs)
             Began as a Gargoyle Fighter on Apr 27, 2023.
             Was an Initiate of Gozag.
             Slain by a phantasmal warrior (11 damage)
             ... on level 14 of the Dungeon.
             The game lasted 00:24:14 (12278 turns).

DeathSun the Basher (Gargoyle Fighter)             Turns: 12278, Time: 00:24:16

Health: -1/76      AC: 29    Str: 34    XL:     12   Next: 31%
Magic:  12/12      EV: 15    Int:  9    God:    Gozag
Gold:   2293       SH:  0    Dex:  8    Spells: 11/11 levels left

rFire   . . .        a - +1 dire flail (protect)
rCold   . . .        (shield currently unavailable)
rNeg    + . .        b - +0 scale mail
rPois   ∞            m - +1 helmet
rElec   +            y - scarf {repulsion}
rCorr   .            B - +0 pair of gloves
SInv    .            e - +0 pair of boots
Will    .....        (no amulet) Stlth
                     h - +5 ring of evasion
HPRegen 0.32/turn    n - +6 ring of strength
MPRegen 0.13/turn

%: repel missiles, clarity
@: weak-willed, under a protective aura
A: sickness immunity, AC +8, negative energy resistance 1, electricity
resistance, torment resistance 1, petrification resistance, clarity, strong 1,
subdued magic 1
a: Renounce Religion, Potion Petition, Call Merchant, Bribe Branch


You were on level 14 of the Dungeon.
You worshipped Gozag.
Gozag was most pleased with you.
You visited 1 branch of the dungeon, and saw 13 of its levels.
You also visited: Sewer.

You collected 2818 gold pieces.
You paid 525 gold pieces to Gozag.

Inventory:

Hand Weapons
 a - a +1 dire flail of protection (weapon)
Missiles
 l - 77 poisoned darts
 x - 6 curare-tipped darts (quivered)
 M - a throwing net
Armour
 b - a +0 scale mail (worn)
 e - a +0 pair of boots (worn)
 m - a +1 helmet (worn)
 y - a scarf of repulsion (worn)
 A - a +0 plate armour
 B - a +0 pair of gloves (worn)
Jewellery
 f - a ring of protection from cold
 h - a +5 ring of evasion (left hand)
 n - a +6 ring of strength (right hand)
 w - a +6 ring of dexterity
 K - a ring of willpower
Wands
 s - a wand of quicksilver (12)
 L - a wand of roots (2)
 N - a wand of mindburst (6)
Scrolls
 c - 4 scrolls of fog
 g - 6 scrolls of teleportation
 k - 2 scrolls of amnesia
 r - 5 scrolls of vulnerability
 t - 2 scrolls of noise
 u - 2 scrolls of enchant armour
 v - 2 scrolls of torment
 C - 2 scrolls of fear
 E - 3 scrolls of poison
 G - a scroll of enchant weapon
 I - a scroll of identify
Potions
 d - 2 potions of mutation
 i - 5 potions of degeneration
 j - 3 potions of magic
 o - 6 potions of haste
 p - 2 potions of heal wounds
 z - 3 potions of lignification
 D - 3 potions of resistance
 F - 2 potions of flight
 H - 2 potions of might


   Skills:
 + Level 9.4 Fighting
 - Level 14.0 Maces & Flails
 + Level 9.5 Armour
 - Level 3.5 Shields
 * Level 7.5 Evocations


You had 11 spell levels left.
You didn't know any spells.
Your spell library contained the following spells:

 Spells                   Type           Power      Damage    Failure   Level
 Sandblast                Erth           0%         2d4       52%         1
 Passwall                 Tmut/Erth      0%         N/A       67%         2
 Ignite Poison            Fire/Tmut/Pois 0%         N/A       89%         3
 Stone Arrow              Conj/Erth      0%         3d7       89%         3
 Freezing Cloud           Conj/Ice/Air   0%         6-21      100%        5
 Cigotuvi's Dreadful Rot  Necr/Pois/Air  Unusable   N/A       N/A         2

Dungeon Overview and Level Annotations

Branches:
Dungeon (12/15)            Temple (0/1) D:6            Lair (0/5) D:11
  Sewer (visited)
    Orc: D:9-12

Altars:
Ashenzari
Elyvilon
Gozag
Hepliaklqana
Nemelex Xobeh
Okawaru
Sif Muna
Trog
Uskayaw
Vehumet
Wu Jian
Xom
Yredelemnul
Zin
The Shining One

Shops:
D:11 =

Annotations:
D:2 1 runed translucent door, Crazy Yiuf
D:9 exclusion: obsidian statue


Innate Abilities, Weirdness & Mutations

You are immune to sickness and miasma.
Your stone body is resilient. (AC +8)
You are immune to poison.
You resist negative energy. (rN+)
You are resistant to electric shocks. (rElec)
You are resistant to unholy torment.
You are immune to petrification.
You possess an exceptional clarity of mind.
Your muscles are strong. (Str +4, Int/Dex -1)
Your spells are a little easier to cast, but a little less powerful.


Message History

The phantasmal warrior gestures at you.
The phantasmal warrior blinks!
The phantasmal warrior hits you but does no damage.
You hit the phantasmal warrior.
Your weapon exudes an aura of protection.
The phantasmal warrior is lightly damaged.
You feel yourself slow down.
You hit the phantasmal warrior but do no damage.
The phantasmal warrior is lightly damaged.
The phantasmal warrior hits you.
You completely miss the phantasmal warrior.
The phantasmal warrior is lightly damaged.
You puncture the phantasmal warrior!
The phantasmal warrior is moderately damaged.
The phantasmal warrior barely misses you.
You barely miss the phantasmal warrior.
The phantasmal warrior is moderately damaged.
The phantasmal warrior hits you.
You barely miss the phantasmal warrior.
The phantasmal warrior is moderately damaged.
You hit the phantasmal warrior but do no damage.
The phantasmal warrior is moderately damaged.
The phantasmal warrior barely misses you.
You barely miss the phantasmal warrior.
The phantasmal warrior is moderately damaged.
You bludgeon the phantasmal warrior!!
The phantasmal warrior is severely damaged.
The phantasmal warrior misses you.
You closely miss the phantasmal warrior.
The phantasmal warrior is severely damaged.
The phantasmal warrior hits you!!
* * * LOW HITPOINT WARNING * * *
Your willpower is stripped away!
You closely miss the phantasmal warrior.
The phantasmal warrior is severely damaged.
You closely miss the phantasmal warrior.
The phantasmal warrior is severely damaged.
The phantasmal warrior hits you!
You die...
Your body crumbles into a pile of gold.

#~~.~~.~~.~~####
##~.#~~....~~##
#~.#.##...#~~~#
#~~....###)..~#
##~~...~.....#~##
#~~~...~~..#.~~~#
#.~~~~~~~~...~~~#
#.~~~~~~#~~.~~~.#
#.~W@~~~##~~~~~.#
#.~~~~~~~~~~~~~.#
#.~~...~~~..~~~~#
#~~~....~~...~~~#
##~.#........~~##
#~. ##...##.~~#
#~~ ###.. ##~ ..


You could see a phantasmal warrior.

Vanquished Creatures
  Erolcha (D:10)
  Erica (D:9)
  Harold (D:10)
  2 two-headed ogres
  A skeletal warrior (D:14)
  Pikel (D:5)
  A phantasmal warrior (D:14)
  A cyclops (D:11)
  Joseph (D:9)
  Psyche (D:10)
  A kobold demonologist (D:10)
  A hornet (D:10)
  5 trolls
  Prince Ribbit (D:5)
  Sigmund (D:3)
  3 wyverns
  19 yaks
  A wraith (D:14)
  Grum (D:8)
  Menkaure (D:6)
  Edmund (D:5)
  3 vampire mosquitoes (D:10)
  An acid dragon (D:11)
  An ice beast (D:6)
  A sky beast (D:6)
  6 orc warriors
  A black bear (D:8)
  2 ogres
  6 centaurs
  3 wolves (D:8)
  2 phantoms
  9 kobold brigands
  Blork the orc (D:5)
  4 bullfrogs
  3 wights
  3 killer bees
  An electric eel (D:6)
  8 howler monkeys
  A jelly (D:7)
  2 gnoll boudas
  2 hounds
  6 orc priests
  Ijyb (D:3)
  A sleepcap (D:3)
  5 iguanas
  An orc wizard (D:10)
  Robin (D:3)
  8 gnolls
  15 adders
  14 river rats
  A shadow imp (D:6)
  An ufetubus (D:7)
  2 worms (D:3)
  37 orcs
  11 ball pythons
  9 endoplasms
  A giant cockroach (D:2)
  14 goblins
  11 hobgoblins
  35 kobolds
  2 quokkas
  4 bats (D:1)
  7 frilled lizards
  19 rats
312 creatures vanquished.

Vanquished Creatures (others)
  A kobold (D:9)
  22 plants
23 creatures vanquished.

Grand Total: 335 creatures vanquished

Notes
Turn   | Place    | Note
-------+----------+-------------------------------------------
     0 | D:1      | DeathSun the Gargoyle Fighter began the quest for the Orb.
     0 | D:1      | Reached XP level 1. HP: 14/14 MP: 1/1
   139 | D:1      | Reached XP level 2. HP: 17/19 MP: 2/2
  1016 | D:2      | Reached XP level 3. HP: 23/23 MP: 3/3
  1141 | D:2      | Found an opulent altar of Gozag.
  1487 | D:2      | Reached skill level 3 in Maces & Flails
  1686 | D:2      | Found a runed translucent door.
  1687 | D:2      | Noticed Crazy Yiuf
  1726 | D:2      | Became a worshipper of Gozag Ym Sagoz the Greedy
  1777 | D:3      | Noticed Ijyb
  1819 | D:3      | Killed Ijyb
  1820 | D:3      | Reached XP level 4. HP: 22/28 MP: 4/4
  1862 | D:3      | Reached skill level 4 in Maces & Flails
  1987 | D:3      | Found an iron altar of Okawaru.
  2016 | D:3      | Noticed Robin
  2041 | D:3      | Reached XP level 5. HP: 32/32 MP: 5/5
  2253 | D:3      | Killed Robin
  2553 | D:3      | Noticed Sigmund
  2566 | D:3      | Killed Sigmund
  2567 | D:3      | Reached skill level 6 in Maces & Flails
  2567 | D:3      | Reached XP level 6. HP: 28/37 MP: 6/6
  2623 | D:3      | Found a basalt altar of Yredelemnul.
  2722 | D:3      | Found a hazy altar of Hepliaklqana.
  3273 | D:4      | Found a glowing drain.
  3278 | Sewer    | Entered a sewer
  3459 | Sewer    | Reached XP level 7. HP: 41/41 MP: 7/7
  3463 | Sewer    | Reached skill level 7 in Maces & Flails
  3553 | Sewer    | Reached skill level 8 in Maces & Flails
  4442 | D:4      | Reached XP level 8. HP: 46/46 MP: 8/8
  4553 | D:4      | Found a broken altar of Ashenzari.
  4882 | D:5      | Entered Level 5 of the Dungeon
  4897 | D:5      | Reached skill level 9 in Maces & Flails
  4924 | D:5      | Found a radiant altar of Vehumet.
  4959 | D:5      | Noticed Pikel
  4985 | D:5      | Killed Pikel
  4986 | D:5      | Reached skill level 10 in Maces & Flails
  5276 | D:5      | Noticed Blork the orc
  5287 | D:5      | Killed Blork the orc
  5465 | D:5      | Found an ornate altar of the Wu Jian Council.
  5494 | D:5      | Reached skill level 11 in Maces & Flails
  5494 | D:5      | Reached XP level 9. HP: 51/51 MP: 9/9
  5505 | D:5      | Noticed Edmund
  5531 | D:5      | Killed Edmund
  5887 | D:5      | Noticed Prince Ribbit
  5893 | D:5      | Killed Prince Ribbit
  6075 | D:6      | Reached skill level 12 in Maces & Flails
  6164 | D:6      | Found a shimmering blue altar of Sif Muna.
  6242 | D:6      | Reached XP level 10. HP: 39/58 MP: 10/10
  6334 | D:6      | Reached skill level 5 in Fighting
  6334 | D:6      | Reached skill level 5 in Armour
  6599 | D:6      | Found a staircase to the Ecumenical Temple.
  6682 | D:6      | Noticed Menkaure
  6689 | D:6      | Killed Menkaure
  6690 | D:6      | Reached skill level 13 in Maces & Flails
  7517 | D:7      | Found a glowing golden altar of the Shining One.
  7646 | D:7      | Found a glowing silver altar of Zin.
  8058 | D:8      | Found a bloodstained altar of Trog.
  8083 | D:8      | Found a white marble altar of Elyvilon.
  8089 | D:8      | Noticed Grum
  8097 | D:8      | Killed Grum
  8173 | D:8      | Found a sparkling altar of Nemelex Xobeh.
  8269 | D:8      | Found a shimmering altar of Xom.
  8685 | D:8      | Reached skill level 14 in Maces & Flails
  8829 | D:9      | Reached skill level 1 in Evocations
  8989 | D:9      | Noticed an obsidian statue
  8994 | D:9      | Noticed Joseph
  9011 | D:9      | Killed Joseph
  9012 | D:9      | Reached XP level 11. HP: 59/67 MP: 11/11
  9063 | D:9      | Noticed Erica
  9083 | D:9      | Killed Erica
  9099 | D:9      | Gained mutation: Your muscles are strong. (Str +4, Int/Dex
                  | -1) [potion of mutation]
  9099 | D:9      | Gained mutation: You possess an exceptional clarity of
                  | mind. [potion of mutation]
  9099 | D:9      | Gained mutation: Your spells are a little easier to cast,
                  | but a little less powerful. [potion of mutation]
  9312 | D:9      | Identified the +0 leather armour of the Old and Reckless
                  | {Harm Stlth+}
  9350 | D:9      | Noticed a +0 short sword
  9350 | D:9      | Noticed a +0 spear
  9351 | D:9      | Noticed a +0 dagger
  9351 | D:9      | Noticed a +0 dagger
  9351 | D:9      | Noticed a +0 short sword
  9352 | D:9      | Noticed a +0 falchion
  9354 | D:9      | Noticed a +0 spear
  9354 | D:9      | Noticed a +0 falchion
  9363 | D:9      | Found a hide-covered altar of Uskayaw.
  9622 | D:9      | Found an opulent altar of Gozag.
  9761 | D:10     | Entered Level 10 of the Dungeon
  9915 | D:10     | Noticed a two-headed ogre
  9927 | D:10     | Killed a two-headed ogre
 10420 | D:10     | Reached skill level 5 in Evocations
 10943 | D:11     | Found a staircase to the Lair.
 10944 | D:11     | Found Zidooheg's Jewellery Shoppe.
 10979 | D:11     | Noticed Harold
 10995 | D:11     | Noticed Erolcha
 11017 | D:10     | Killed Harold
 11171 | D:10     | Killed Erolcha
 11187 | D:11     | Noticed Psyche
 11199 | D:11     | Reached XP level 12. HP: 37/75 MP: 12/12
 11218 | D:10     | Killed Psyche
 11555 | D:11     | Noticed a two-headed ogre
 11841 | D:11     | Killed a two-headed ogre
 12026 | D:12     | Found a broken altar of Ashenzari.
 12042 | D:12     | You fall into a shaft and drop 2 floors!
 12216 | D:14     | Noticed a five-headed hydra
 12226 | D:14     | Noticed a boulder beetle
 12278 | D:14     | Slain by a phantasmal warrior

Illustrated notes

Levels and vault maps discovered:
D:1:      amcnicky_arrival_blooded_trapdoor, layout_basic
D:2:      layout_basic, basic_altar, uniq_crazy_yiuf_cottage
D:3:      layout_basic, amcnicky_altar_gilded, mainiacjoe_overflow_catwalk,
          mainiacjoe_overflow_brackets, grunt_decor_resistance, uniq_robin,
          uniq_sigmund, uniq_ijyb
D:4:      layout_loops_ring, mainiacjoe_overflow_surrounded_room,
          lightli_sewer_entry_pipes
D:5:      layout_loops_cross, mainiacjoe_overflow_tiny_flanked,
          pdpol_wu_jian_five_deadly_venoms, minmay_hedge_maze,
          uniq_blork_the_orc, uniq_prince_ribbit1, uniq_pikel, uniq_edmund
D:6:      layout_basic, mainiacjoe_overflow_boulevard,
          minmay_temple_entry_statues_fountains, hex_intersection,
          water_boxes_lemuel, uniq_menkaure
D:7:      layout_cave_pools, overflow_temple_1_default, lemuel_crystal_altar
D:8:      layout_gridville, nicolae_overflow_crystal_walls,
          mainiacjoe_overflow_six_doors_small, mainiacjoe_overflow_chevrons,
          elyvilon_altar_5, skrybe_limestone_x, uniq_grum
D:9:      layout_cave_pools, kennysheep_mini, nicolae_uskayaw_en_pointe,
          corexii_checkpoint_a, minivault_15, uniq_erica, uniq_joseph
D:10:     wad_woods_structure_01, layout_rooms, hex_medium,
          nicolae_concentric_dashed_squares_mild, kennysheep_small_circle
D:11:     layout_basic, lair_entry_dummy, serial_shops, shop, uniq_psyche,
          uniq_harold, uniq_erolcha
D:12:     layout_rooms, minmay_orc_entry_guard_dogs,
          ashenzari_conservatory_becter
D:14:     layout_loops_ring, serial_bayou_pond_c, serial_shops, shop,
          hellmonk_guarded_unrand_seven_league_boots, uniq_kirke

Skill      XL: |  1  2  3  4  5  6  7  8  9 10 11 12 |
---------------+-------------------------------------+-----
Maces & Flails | 3 4 6 8 11 12 14 | 14.0
Fighting       | 4 7 8 9 |  9.4
Armour         | 4 7 8 9 |  9.5
Evocations     | 2 6 7 |  7.5
Shields        | |  3.5

Action                     |  1- 3 |  4- 6 |  7- 9 | 10-12 || total
---------------------------+-------+-------+-------+-------++-------
  Melee: Flail             |   134 |   227 |   258 |       ||   619
         Dire flail        |       |       |    79 |   601 ||   680
  Throw: Dart              |       |       |     5 |    11 ||    16
 Invoke: Potion Petition   |       |       |       |     1 ||     1
  Evoke: Wand              |       |       |       |     2 ||     2
    Use: Potion            |       |     1 |     4 |     8 ||    13
         Scroll            |       |       |       |    18 ||    18
   Stab: Distracted        |       |       |     1 |       ||     1
         Invisible         |       |       |       |     3 ||     3
 Armour: Scale mail        |    76 |   124 |   160 |   285 ||   645
  Dodge: Dodged            |    57 |   105 |   122 |   302 ||   586
         Repelled          |       |       |       |     3 ||     3
  Block: Buckler           |    22 |    41 |    62 |       ||   125

Table legend: (Time is in decaauts)
 A = Elapsed time spent in this place.
 B = Non-inter-level travel time spent in this place.
 C = Inter-level travel time spent in this place.
 D = Time resting spent in this place.
 E = Time spent auto-exploring this place.
 F = Levels seen in this place.
 G = Mean time per level.
                   A        B        C        D        E       F      G
               +--------+--------+--------+--------+--------+-----+--------+
         Total |  12162 |  11833 |    329 |      0 |   8890 |  14 |  868.7 |
       Dungeon |  11265 |  10936 |    329 |      0 |   8263 |  13 |  866.5 |
         Sewer |    897 |    897 |      0 |      0 |    626 |   1 |  897.0 |
               +--------+--------+--------+--------+--------+-----+--------+

Top non-repeatable levels by time:
    D:10: 1413 daAuts
     D:6: 1374 daAuts
     D:3: 1308 daAuts
     D:9: 1108 daAuts
     D:4: 1061 daAuts
     D:2: 1053 daAuts
     D:5: 957 daAuts
   Sewer: 897 daAuts
     D:1: 838 daAuts
     D:8: 771 daAuts
    D:11: 615 daAuts
     D:7: 515 daAuts
    D:14: 220 daAuts
    D:12: 27 daAuts
